 Dungeon Crawl Stone Soup version 0.29.1-15-g9cfb28693d (webtiles) character file.

Game seed: 5993242701481180422

54 Gaplan the Chopper (level 3, -1/30 HPs)
             Began as a Minotaur Gladiator on Apr 14, 2023.
             Slain by a gnoll
             ... wielding a +0 whip
              (8 damage)
             ... on level 2 of the Dungeon.
             The game lasted 00:02:50 (1372 turns).

Gaplan the Chopper (Minotaur Gladiator)             Turns: 1372, Time: 00:02:51

Health: -1/30      AC:  4    Str: 20    XL:     3   Next: 66%
Magic:  2/2        EV: 12    Int:  5    God:
Gold:   53         SH:  0    Dex: 11    Spells: 2/2 levels left

rFire   . . .      SeeInvis .   a - +0 war axe
rCold   . . .      Faith    .   (no shield)
rNeg    . . .      Spirit   .   b - +0 leather armour
rPois   .          Reflect  .   c - +0 hat
rElec   .          Harm     .   g - +0 cloak
rCorr   .          Rampage  .   (no gloves)
Will    .....                   (no boots)
Stlth   +.........              (no amulet)
HPRegen 0.10/turn               (no ring)
MPRegen 0.08/turn               (no ring)

@: no status effects
A: horns 2, retaliatory headbutt
a: no special abilities


You were on level 2 of the Dungeon.
You visited 1 branch of the dungeon, and saw 2 of its levels.

You collected 53 gold pieces.

Inventory:

Hand Weapons
 a - a +0 war axe (weapon)
Missiles
 d - 3 throwing nets (quivered)
 e - a javelin
Armour
 b - a +0 leather armour (worn)
 c - a +0 hat (worn)
 g - a +0 cloak (worn)
Jewellery
 f - a +6 ring of dexterity
Scrolls
 i - a scroll of identify {unknown}
 j - a scroll of noise {unknown}
 l - a scroll of blinking {unknown}
Potions
 h - a potion of mutation {unknown}
 k - a potion of lignification {unknown}
 m - 2 potions of resistance {unknown}
 n - 2 potions of curing {unknown}


   Skills:
 + Level 2.6 Fighting
 + Level 4.5 Axes
 + Level 2.1 Throwing
 + Level 2.0 Armour
 + Level 3.7 Dodging


You had 2 spell levels left.
You didn't know any spells.
Your spell library contained the following spells:

 Spells                   Type           Power      Damage    Failure   Level
 Magic Dart               Conj           0%         1d3       52%         1
 Call Imp                 Summ           0%         N/A       67%         2
 Mephitic Cloud           Conj/Pois/Air  0%         N/A       88%         3


Dungeon Overview and Level Annotations

Branches:
Dungeon (2/15)

Altars:


Innate Abilities, Weirdness & Mutations

You have a pair of horns on your head.
You reflexively headbutt those who attack you in melee.


Message History

You kill the giant cockroach!
No target in view!
You see here a giant cockroach corpse.
Found a short sword.
Found a stone staircase leading up.
Found a stone staircase leading down.
n - 2 fizzy brown potions You now have 53 gold pieces (gained 3).
Unknown command.
Unknown command.
A gnoll comes into view. It is wielding a +0 whip.
The gnoll shouts!
There is a stone staircase leading up here. 2 gnolls come into view.
Found a stone staircase leading down.
The gnoll shouts!
You hear a shout!
A gnoll comes into view. It is wielding a +0 flail.
The gnoll moves out of view.
The gnoll shouts!
Found a mace.
The gnoll hits you with a +0 whip!
Sorry, you're not good enough to have a special ability.
Sorry, you're not good enough to have a special ability.
You slash the gnoll! Your headbutt misses the gnoll.
The gnoll is almost dead.
The gnoll misses you. x2; You furiously retaliate!
You headbutt the gnoll!
You kill the gnoll!
Your Armour skill increases to level 2!
The gnoll barely misses you. The gnoll misses you. You furiously retaliate!
You headbutt the gnoll, but do no damage.
You hit the gnoll.
The gnoll is lightly wounded.
You hit the gnoll. The gnoll hits you with a +0 spear.
The gnoll hits you with a +0 flail.
You are too injured to fight recklessly!
You are too injured to fight recklessly!
The gnoll attacks as you move away! The gnoll hits you with a +0 spear.
* * * LOW HITPOINT WARNING * * *
The gnoll barely misses you.
Unknown command.
The gnoll attacks as you move away! The gnoll hits you with a +0 whip!
You die...

#.....### .P ..#....##
#.# # P.#...##########
##.# P.#.#.###......#
.#.#
P.#.#..........###...####
. #.##.........##......)#
. #.##.†.†.....#.)g......
. #.##.......^..g........
..#.##..........@g.>.....
PP#.##.......<.......>...
.P#.##.........#.........
#.##.........##<..#...#
#.#..##################
#...## #..## ####


You could see 3 gnolls.

Vanquished Creatures
  A gnoll (D:2)
  A worm (D:2)
  2 dart slugs (D:2)
  3 endoplasms
  2 giant cockroaches (D:2)
  2 goblins (D:2)
  6 hobgoblins
  3 kobolds
  4 quokkas
  5 ball pythons (D:1)
  2 frilled lizards
  2 rats (D:1)
33 creatures vanquished.

Vanquished Creatures (others)
  2 fungi (D:1)
  4 plants (D:1)
6 creatures vanquished.

Grand Total: 39 creatures vanquished

Notes
Turn   | Place    | Note
-------+----------+-------------------------------------------
     0 | D:1      | Gaplan the Minotaur Gladiator began the quest for the Orb.
     0 | D:1      | Reached XP level 1. HP: 18/18 MP: 0/0
   228 | D:1      | Reached XP level 2. HP: 19/25 MP: 1/1
   570 | D:1      | Found a faded altar of an unknown god.
   586 | D:1      | Reached skill level 4 in Axes
   852 | D:2      | Reached skill level 1 in Armour
   893 | D:2      | Reached XP level 3. HP: 17/30 MP: 2/2
  1372 | D:2      | Slain by a gnoll

Illustrated notes

Levels and vault maps discovered:
D:1:      matt_arrival_los_fun, layout_basic, shapermc_ecumenical_altar_gd
D:2:      layout_rooms, serial_aquarium, aquarium_bridge_long_separate
          [aquarium_subvault_bridge, aquarium_subvault_bridge,
          aquarium_subvault_wall, aquarium_subvault_window,
          aquarium_subvault_wall, aquarium_subvault_bridge],
          aquarium_bridge_island_small [aquarium_subvault_small_water,
          aquarium_subvault_bridge, aquarium_subvault_balcony,
          aquarium_subvault_wall, aquarium_subvault_wall], aquarium_window_3,
          aquarium_window_fake, aquarium_view_2e, aquarium_view_2e,
          grunt_ministairs_8

Skill      XL: |  1  2  3 |
---------------+----------+-----
Axes           | 4 |  4.5
Armour         | 1 2 |  2.0
Fighting       | |  2.6
Throwing       | |  2.1
Dodging        | |  3.7

Action                   || total
-------------------------++-------
Melee: War axe           ||    70
       Headbutt          ||     5
       Punch             ||     1
Armor: Leather armour    ||    23
Dodge: Dodged            ||    64
